 Dungeon Crawl Stone Soup version 0.31-a0-1165-g196b491b36 (webtiles) character file.

Game seed: 15748444674336743545

59136 Lobster4 the Unseen (level 14, -1/70 HPs)
             Began as a Spriggan Brigand on Dec 10, 2023.
             Was the Champion of Dithmenos.
             Slain by a stone giant (37 damage)
             ... on level 11 of the Dungeon.
             The game lasted 01:43:17 (21486 turns).

Lobster4 the Unseen (Spriggan Brigand)             Turns: 21486, Time: 01:43:18

Health: -1/70      AC:  6    Str:  9    XL:     14   Next: 52%
Magic:  25/25      EV: 30    Int: 15    God:    Dithmenos [******]
Gold:   1010       SH:  0    Dex: 30    Spells: 19/27 levels left

rFire   + . .        a - +5 dagger (venom)
rCold   + + .        (no shield)
rNeg    + . .        I - +1 robe of Watchfulness {rC++ Int-4 Dex+5}
rPois   +            X - +2 hat "Civet" {rF- Dex+3 Slay+4 Stlth+}
rElec   .            c - +0 cloak
rCorr   .            (gloves unavailable)
SInv    +            (boots unavailable)
Will    ++...        x - amulet of magic regeneration Stlth *******+++
                     D - ring "Bulonott" {rF++ rN+ Dex+2}
HPRegen 0.31/turn    V - ring "Vevikh" {rPois Str+2 Int+5}
MPRegen 0.59/turn

%: no passive effects
@: wreathed by umbra, very quick
A: very small, no large weapons, unfitting armour, see invisible, speed 3
a: Renounce Religion, Shadow Step, Shadow Form


You were on level 11 of the Dungeon.
You worshipped Dithmenos.
Dithmenos was exalted by your worship.
You visited 3 branches of the dungeon, and saw 17 of its levels.
You also visited: Bailey and Ice Cave.

You collected 1027 gold pieces.
You spent 17 gold pieces at shops.

Inventory:

Hand Weapons
 a - a +5 dagger of venom (weapon)
 f - a +2 short sword of speed
 n - a +5 long sword of freezing
 y - the +1 spear of the Sky {heavy, rElec rN+ MP-9 Str+7}
   (You found it on level 4 of the Dungeon)

   Str+7:     It affects your strength (+7).
   rElec:     It insulates you from electricity.
   rN+:       It protects you from negative energy.
   MP-9:      It affects your magic capacity (-9).
 z - a +4 scimitar of flaming
 A - a +0 rapier of venom
 C - a +5 dagger
 F - a +0 orcbow
 L - a +1 scimitar of freezing
 P - a +3 short sword of freezing
Missiles
 d - 55 poisoned darts
 j - a throwing net
 v - 13 curare-tipped darts
 B - 11 boomerangs (quivered)
 G - 4 datura-tipped darts
 J - 4 atropa-tipped darts
 K - 5 silver javelins
Armour
 c - a +0 cloak (worn)
 I - the +1 robe of Watchfulness (worn) {rC++ Int-4 Dex+5}
   (You found it in a bailey)

   Int-4:     It affects your intelligence (-4).
   Dex+5:     It affects your dexterity (+5).
   rC++:      It greatly protects you from cold.
 X - the +2 hat "Civet" (worn) {rF- Dex+3 Slay+4 Stlth+}
   (You acquired it on level 10 of the Dungeon)

   Dex+3:     It affects your dexterity (+3).
   Slay+4:    It affects your accuracy & damage with ranged weapons and melee
   (+4).
   rF-:       It makes you vulnerable to fire.
   Stlth+:    It makes you more stealthy.
Jewellery
 p - a ring of willpower
 x - an amulet of magic regeneration (around neck)
 D - the ring "Bulonott" (left hand) {rF++ rN+ Dex+2}
   (You acquired it on level 10 of the Dungeon)

   [ring of positive energy]

   Dex+2:     It affects your dexterity (+2).
   rF++:      It greatly protects you from fire.
   rN+:       It protects you from negative energy.
 V - the ring "Vevikh" (right hand) {rPois Str+2 Int+5}
   (You acquired it on level 10 of the Dungeon)

   [ring of poison resistance]

   Str+2:     It affects your strength (+2).
   Int+5:     It affects your intelligence (+5).
   rPois:     It protects you from poison
Talismans
 E - a beast talisman
Wands
 e - a wand of iceblast (6)
 q - a wand of polymorph (9)
 M - a wand of light (8)
 N - a wand of digging (4)
 O - a wand of mindburst (3)
Scrolls
 b - 5 scrolls of identify
 h - a scroll of torment
 k - a scroll of enchant armour {unknown}
 l - 4 scrolls of enchant weapon
 m - 5 scrolls of fog
 r - 7 scrolls of teleportation
 s - a scroll of blinking
 u - a scroll of silence
 H - a scroll of butterflies
 S - 4 scrolls of vulnerability
 U - a scroll of fear
Potions
 g - a potion of ambrosia
 i - a potion of lignification
 o - 3 potions of invisibility
 t - 4 potions of curing
 w - 3 potions of brilliance
 Q - 4 potions of haste
 W - 3 potions of heal wounds
Miscellaneous
 R - a phantom mirror


   Skills:
 - Level 6.0 Fighting
 + Level 13.5(13.7) Short Blades
 - Level 1.9(7.0) Long Blades
 - Level 3.0 Ranged Weapons
 - Level 10.0 Throwing
 - Level 2.0 Armour
 - Level 10.0 Dodging
 + Level 19.0 Stealth
 - Level 7.0 Spellcasting
 - Level 10.0 Hexes
 - Level 4.0 Ice Magic
 + Level 4.3 Invocations
 - Level 4.0 Evocations
 + Level 3.0 Shapeshifting


You had 19 spell levels left.
You knew the following spells:

 Your Spells              Type           Power      Damage    Failure   Level
a - Jinxbite              Hex            70%        N/A       1%          2
b - Ensorcelled Hibernat  Hex/Ice        52%        N/A       1%          2
c - Cause Fear            Hex            17%        N/A       2%          4

Your spell library contained the following spells:

 Spells                   Type           Power      Damage    Failure   Level
 Sigil of Binding         Hex            35%        N/A       1%          3
 Inner Flame              Hex/Fire       20%        N/A       4%          3
 Ozocubu's Armour         Ice            17%        N/A       8%          3
 Hailstorm                Conj/Ice       11%        3d6       17%         3
 Anguish                  Hex/Necr       10%        N/A       17%         4
 Dimensional Bullseye     Hex/Tloc       10%        N/A       17%         4
 Leda's Liquefaction      Hex/Erth       10%        N/A       17%         4
 Poisonous Vapours        Pois/Air       10%        N/A       21%         2
 Metabolic Englaciation   Hex/Ice        13%        N/A       21%         5
 Call Canine Familiar     Summ           5%         N/A       36%         3
 Mephitic Cloud           Conj/Pois/Air  5%         N/A       36%         3
 Yara's Violent Unravell  Hex/Tmut       10%        3d6       43%         5
 Flame Wave               Conj/Fire      5%         2d5       78%         4
 Sticky Flame             Conj/Fire      5%         2d3       78%         4
 Enfeeble                 Hex            17%        N/A       88%         7
 Freezing Cloud           Conj/Ice/Air   4%         6-21      91%         5
 Ozocubu's Refrigeration  Ice            8%         4d9       100%        7


Dungeon Overview and Level Annotations

Branches:
Dungeon (11/15)            Temple (0/1) D:7            Lair (5/5) D:9
 Shoals (0/4) Lair:3       Spider (0/4) Lair:2        Slime (0/5) Lair:4
    Orc (1/2) D:10         Bailey (visited)           IceCv (visited)

Altars:
Ashenzari
Dithmenos
Kikubaaqudgha
Nemelex Xobeh
Okawaru
Qazlal
Sif Muna
Trog
Uskayaw
Vehumet
Wu Jian
Yredelemnul
Zin
Jiyva
Lugonu

Shops:
D:5 [   D:6 (   Orc:1 !!

Portals:
Abyss: Lair:5

Annotations:
D:10 2 transporters, 3 runed translucent doors, exclusion: orange crystal statue, kd29's ghost, journeyman MfSh
Lair:2 exclusion: swamp worm


Innate Abilities, Weirdness & Mutations

You are very small and have problems with some larger weapons.
You are too small for most types of armour.
You have supernaturally acute eyesight. (SInv)
You cover ground extremely quickly. (Speed+++)


Message History

Found a staff of earth and the +6 shillelagh "Devastator" {shatter}.
The helpless boulder beetle fails to defend itself.
You spit the boulder beetle like a pig!!!!!
You kill the boulder beetle!
Dithmenos accepts your kill.
The helpless two-headed ogre fails to defend itself.
You stick the two-headed ogre like a pincushion!!!!!
You kill the two-headed ogre!
Dithmenos accepts your kill.
Training target 7.0 for Long Blades reached!
Your Shapeshifting skill increases to level 3!
The gargoyle hurls a stone arrow at you.
The stone arrow misses you.
Things that are here:
a +0 giant club; a +0 giant club; a two-headed ogre corpse You hit the gargoyle.
The gargoyle is lightly damaged.
Your shadow hits the gargoyle but does no damage.
The gargoyle hurls a stone arrow at you.
The stone arrow misses you.
Things that are here:
a +0 giant club; a +0 giant club; a two-headed ogre corpse The gargoyle hurls a stone arrow at you.
The stone arrow hits you!
Press: ? - help, v - describe, . - travel
Here: a gargoyle, wielding a +0 flail (lightly damaged, umbra)
The floor.
Casting: Jinxbite (safe; 1% risk of failure)
Confirm with . or Enter, or press ? or * to list all spells.
You can't see any susceptible monsters within range! (Use Z to cast anyway.)
The gargoyle hurls a stone arrow at you.
The stone arrow hits you!!
You emit a cloud of dark smoke.
Casting: Jinxbite (safe; 1% risk of failure)
Confirm with . or Enter, or press ? or * to list all spells.
You can't see any susceptible monsters within range! (Use Z to cast anyway.) Unknown command.
The stone giant throws a large rock.
The large rock completely misses you. The stone giant hits you!!!
Ouch! That really hurt!
You die...

#.#.#.# #.# ####.#.
#.#.#.#####.#### #...
#.#.......#....##########
##..
#.#.#####.####.#........#
#..
#.#..........#.#.######.#
#..
#.#######.##.#.#.#,,<,#.#
#..
#............#.#.#.####§#
##.
###...#####...##C#.#...§§§#
#.
..'.......#...##@#.#.###§##
#.
###...###.#...##.#.#*##§§§##
#. #...#
#....#.....###..§§§## #.
#...# #....#.#.####.......#*
#. #...#
#....#.#.###.#.#.#.#.###.
#####
#....#.#.##.....9.....##.
#....#.#.#...#)#)#.#...#.
#.#+##.#.......=#:.......
#.#,**,#.#...#.#|#.#...#.


You could see a stone giant.

Vanquished Creatures
  Gastronok (Lair:3)
  An orc warlord (Orc:1)
  A hydra (Lair:5)
  Harold (Orc:1)
  2 centaur warriors
  Erica (D:10)
  2 boulder beetles
  2 two-headed ogres
  4 thrashing horrors (Lair:5)
  Urug (Lair:2)
  Amaemon (D:10)
  Sonja (D:10)
  A fire crab (Lair:5)
  An orb spider (Lair:2)
  A bog body (IceCv)
  2 large abominations (Lair:5)
  A necromancer (IceCv)
  An orc knight (Orc:1)
  An ugly thing (Lair:5)
  A cyclops (D:9)
  Maurice (D:9)
  4 black mambas
  15 elephants
  2 ice statues (IceCv)
  An orange demon (D:10)
  7 cane toads
  6 rime drakes
  13 komodo dragons
  2 anaconda simulacra (IceCv)
  6 ice devils (IceCv)
  Psyche (D:8)
  A hornet (D:11)
  5 trolls
  A polar bear (Lair:2)
  2 raiju (Lair:5)
  23 blink frogs
  3 shadows
  5 wyverns
  A spriggan (Lair:5)
  A wraith (D:10)
  3 ynoxinuls (Lair:5)
  4 dire elephant simulacra (IceCv)
  34 yaks
  7 basilisks
  A steam dragon (D:8)
  Grum (D:8)
  4 vampire mosquitoes (D:11)
  3 chaos spawn (Lair:5)
  A harpy simulacrum (IceCv)
  8 small abominations (Lair:5)
  4 wargs (Orc:1)
  A death yak simulacrum (IceCv)
  16 water moccasins
  Duvessa (D:6)
  3 hydra simulacra (IceCv)
  9 orc warriors
  A black bear (shapeshifter) (D:8)
  2 sky beasts (D:7)
  2 black bears
  6 wolves (Lair:3)
  An ogre (D:6)
  3 centaurs
  A phantom (D:6)
  8 kobold brigands
  15 bullfrogs
  A two-headed ogre simulacrum (IceCv)
  4 scorpions
  19 wights
  Dowan (D:6)
  17 killer bees
  7 jellies
  2 howler monkeys
  3 electric eels
  2 hounds
  6 orc priests
  3 sleepcaps
  7 orc wizards
  Ijyb (D:3)
  7 iguanas
  7 adders
  4 gnolls
  A naga simulacrum (IceCv)
  A shadow imp (D:6)
  3 white imps
  3 ufetubi
  2 dart slugs
  32 orcs
  8 ball pythons
  An endoplasm (D:2)
  2 giant cockroaches
  16 goblins
  3 hobgoblins
  16 kobolds
  4 quokkas
  6 bats
  3 frilled lizards
  5 rats
  A butterfly (Lair:5)
464 creatures vanquished.

Vanquished Creatures (collateral kills)
  2 orc warriors (Bailey)
  3 wolves (D:8)
  2 kobold brigands (Bailey)
  A bullfrog (D:8)
8 creatures vanquished.

Vanquished Creatures (others)
  An arcanist (D:4)
  An unseen horror (D:10)
  An orc priest (D:8)
3 creatures vanquished.

Grand Total: 475 creatures vanquished

Notes
Turn   | Place    | Note
-------+----------+-------------------------------------------
     0 | D:1      | Lobster4 the Spriggan Brigand began the quest for the Orb.
     0 | D:1      | Reached XP level 1. HP: 10/10 MP: 2/2
   293 | D:1      | Reached skill level 6 in Stealth
   352 | D:1      | Reached XP level 2. HP: 15/15 MP: 3/3
   375 | D:1      | Found a faded altar of an unknown god.
   863 | D:2      | Reached XP level 3. HP: 15/18 MP: 4/4
  1788 | D:3      | Found a stormy altar of Qazlal.
  1959 | D:3      | Reached XP level 4. HP: 21/23 MP: 5/5
  2110 | D:3      | Noticed Ijyb
  2273 | D:3      | Killed Ijyb
  2593 | D:4      | Identified the +1 spear of the Sky {heavy, rElec rN+ MP-9
                  | Str+7}
  2707 | D:4      | Reached skill level 1 in Evocations
  2707 | D:4      | Reached XP level 5. HP: 26/26 MP: 6/6
  2876 | D:4      | Found a radiant altar of Vehumet.
  2970 | D:4      | Reached skill level 7 in Stealth
  3256 | D:4      | Reached XP level 6. HP: 30/30 MP: 7/7
  3278 | D:4      | Found a bloodstained altar of Trog.
  3279 | D:4      | Noticed an arcanist
  3284 | D:4      | Killed an arcanist
  3829 | D:5      | Entered Level 5 of the Dungeon
  4015 | D:5      | Reached XP level 7. HP: 17/35 MP: 8/8
  4243 | D:5      | Found a shadowy altar of Dithmenos.
  4307 | D:5      | Reached skill level 8 in Stealth
  4326 | D:5      | Found Apeepibe's Antique Armour Shop.
  4342 | D:5      | Became a worshipper of Dithmenos the Shadowed
  4639 | D:6      | Found Iduil's Weapon Shoppe.
  4678 | D:6      | Reached skill level 5 in Dodging
  4699 | D:6      | Reached skill level 1 in Invocations
  4921 | D:6      | Noticed a shadow
  5089 | D:6      | Noticed Dowan
  5090 | D:6      | Noticed Duvessa
  5122 | D:5      | Reached skill level 5 in Short Blades
  5122 | D:5      | Reached XP level 8. HP: 39/39 MP: 10/10
  5294 | D:6      | Reached skill level 9 in Stealth
  5630 | D:6      | Reached skill level 5 in Throwing
  5981 | D:6      | Reached * piety under Dithmenos
  6361 | D:6      | Killed Duvessa
  6374 | D:6      | Killed Dowan
  6473 | D:7      | Found a staircase to the Ecumenical Temple.
  6599 | D:7      | Reached XP level 9. HP: 44/44 MP: 12/12
  6607 | D:7      | Reached skill level 10 in Stealth
  6857 | D:7      | Found an iron altar of Okawaru.
  7322 | D:7      | Found an ornate altar of the Wu Jian Council.
  7634 | D:8      | Found a broken altar of Ashenzari.
  7639 | D:8      | Found a flagged portal.
  7691 | Bailey   | Entered a bailey
  7717 | Bailey   | Reached ** piety under Dithmenos
  7718 | Bailey   | Reached skill level 1 in Ranged Weapons
  7732 | Bailey   | Reached skill level 11 in Stealth
  7881 | Bailey   | Reached XP level 10. HP: 51/51 MP: 13/13
  7925 | Bailey   | Found a bloodstained altar of Trog.
  7932 | Bailey   | Identified the +1 robe of Watchfulness {rC++ Int-4 Dex+5}
  8282 | D:8      | Noticed Psyche
  8305 | D:8      | Killed Psyche
  8372 | D:8      | Found a basalt altar of Yredelemnul.
  8671 | D:8      | Noticed Grum
  8680 | D:8      | Reached skill level 5 in Fighting
  8801 | D:8      | Killed Grum
  8871 | D:8      | You fall into a shaft and drop 2 floors!
  8871 | D:10     | Entered Level 10 of the Dungeon
  8910 | D:9      | Noticed Maurice
  8911 | D:9      | Killed Maurice
  9047 | D:10     | Noticed Erica
  9066 | D:10     | Found a transporter.
  9067 | D:10     | Noticed a cyclops
  9067 | D:10     | Noticed a cyclops
  9070 | D:10     | Noticed a cyclops
  9108 | D:10     | Noticed an orange demon
  9143 | D:10     | Noticed Amaemon
  9161 | D:10     | HP: 2/51 [centaur/arrow (10)]
  9384 | D:9      | Noticed a mana viper
  9407 | D:9      | Learned a level 2 spell: Jinxbite
 10033 | D:8      | Noticed a centaur warrior
 10190 | D:8      | Reached skill level 12 in Stealth
 10307 | D:9      | Noticed a cyclops
 10342 | D:9      | Killed a cyclops
 10343 | D:9      | Reached skill level 1 in Spellcasting
 10343 | D:9      | Reached skill level 1 in Hexes
 10353 | D:9      | Noticed a harpy
 10433 | D:9      | Reached *** piety under Dithmenos
 10516 | D:9      | Found a staircase to the Lair.
 10860 | D:9      | Noticed a two-headed ogre
 10943 | D:9      | Reached XP level 11. HP: 31/55 MP: 15/15
 11250 | D:9      | Killed a two-headed ogre
 11263 | D:9      | Noticed a centaur warrior
 11280 | D:9      | Killed a centaur warrior
 11409 | D:9      | Found a sparkling altar of Nemelex Xobeh.
 11653 | D:9      | Reached skill level 10 in Dodging
 11667 | D:9      | Reached skill level 13 in Stealth
 11864 | D:9      | Found a shimmering blue altar of Sif Muna.
 11921 | D:10     | Noticed an entropy weaver
 11923 | D:10     | Found a transporter.
 11923 | D:10     | Noticed an orange crystal statue
 11923 | D:10     | Noticed a boulder beetle
 11925 | D:10     | Identified 2 scrolls of acquirement
 11925 | D:10     | Acquired the ring "Vevikh" {rPois Str+2 Int+5}
 11925 | D:10     | an entropy weaver changed into a hog
 11928 | D:10     | Acquired the ring "Bulonott" {rF++ rN+ Dex+2}
 11990 | D:10     | Learned a level 2 spell: Ensorcelled Hibernation
 12046 | D:10     | Found a runed translucent gate.
 12064 | D:10     | Found a runed translucent gate.
 12064 | D:10     | Found a runed translucent gate.
 12064 | D:10     | Noticed kd29's ghost (journeyman MfSh)
 12153 | D:10     | Found a hide-covered altar of Uskayaw.
 12404 | D:10     | Reached skill level 1 in Ice Magic
 12493 | D:10     | Acquired the +2 hat "Civet" {rF- Dex+3 Slay+4 Stlth+}
 12528 | D:10     | Killed Amaemon
 12545 | D:10     | Found a staircase to the Orcish Mines.
 12569 | D:10     | Found an ancient bone altar of Kikubaaqudgha.
 12569 | D:10     | Found a glowing silver altar of Zin.
 12621 | D:10     | Killed Erica
 12781 | D:10     | Noticed Sonja
 12797 | D:10     | Killed Sonja
 13428 | D:8      | Killed a centaur warrior
 13429 | D:8      | Reached skill level 14 in Stealth
 13472 | Lair:1   | Entered Level 1 of the Lair of Beasts
 13487 | Lair:1   | Reached XP level 12. HP: 49/60 MP: 20/20
 13500 | D:9      | Reached **** piety under Dithmenos
 13503 | D:9      | Reached skill level 5 in Spellcasting
 13592 | D:9      | Reached skill level 5 in Hexes
 13816 | Lair:1   | Reached skill level 1 in Armour
 14343 | Lair:1   | Reached skill level 10 in Short Blades
 14503 | Lair:1   | Learned a level 4 spell: Cause Fear
 14924 | Lair:2   | Found a hole to the Spider Nest.
 15198 | Lair:2   | Reached skill level 15 in Stealth
 15303 | Lair:2   | Noticed Urug
 15332 | Lair:2   | Killed Urug
 15506 | Lair:2   | Identified the +0 robe of Brilliance {rElec rPois Will-
                  | Int+6}
 15921 | Lair:3   | Found a staircase to the Shoals.
 16066 | Lair:3   | Noticed Gastronok
 16073 | Lair:3   | Killed Gastronok
 16074 | Lair:3   | Reached XP level 13. HP: 65/65 MP: 22/22
 16116 | Lair:3   | Reached ***** piety under Dithmenos
 16122 | Lair:3   | Reached skill level 10 in Throwing
 16809 | Lair:4   | Found a viscous altar of Jiyva.
 16816 | Lair:4   | Found a staircase to the Slime Pits.
 16911 | Lair:4   | Identified the +5 scale mail of Kedghacs {rC++ Str-3 SInv
                  | Stlth+}
 17729 | Lair:5   | Entered Level 5 of the Lair of Beasts
 17739 | Lair:5   | Reached skill level 16 in Stealth
 18367 | Lair:5   | Reached skill level 17 in Stealth
 18906 | Lair:5   | Reached ****** piety under Dithmenos
 18912 | Lair:5   | Reached skill level 10 in Hexes
 18920 | Lair:5   | Reached XP level 14. HP: 70/70 MP: 25/25
 19341 | Lair:5   | Reached skill level 18 in Stealth
 19347 | Lair:5   | Found a corrupted altar of Lugonu.
 19347 | Lair:5   | Found a one-way gate to the infinite horrors of the Abyss.
 19635 | Orc:1    | Entered Level 1 of the Orcish Mines
 19641 | Orc:1    | Found Jeig's Distillery.
 19679 | Orc:1    | Bought a potion of degeneration for 17 gold pieces
 19705 | Orc:1    | Noticed Harold
 19712 | Orc:1    | Killed Harold
 19768 | Orc:1    | Noticed an orc warlord
 19859 | Orc:1    | Killed an orc warlord
 19941 | Orc:1    | Found Vememm's Distillery.
 20196 | D:11     | Found a frozen archway.
 20210 | IceCv    | Entered an ice cave
 20320 | IceCv    | Reached skill level 1 in Shapeshifting
 20762 | IceCv    | Reached skill level 1 in Long Blades
 21040 | IceCv    | Reached skill level 19 in Stealth
 21047 | IceCv    | Got the Incunabulum of Chilblains
 21424 | D:11     | Noticed a stone giant
 21424 | D:11     | Found the +6 shillelagh "Devastator" {shatter}
 21486 | D:11     | Slain by a stone giant

Illustrated notes

Levels and vault maps discovered:
D:1:      dpeg_arrival_chambers_temple_mockup, layout_loops_ring,
          ebering_ecumenical_altar_sacrificial
D:2:      layout_basic
D:3:      kennysheep_the_goblin_king, layout_loops_ring, lemuel_crystal_altar
D:4:      layout_gridville, trog_wizard, old_standard_altar
D:5:      layout_cave_pools, grunt_dithmenos_smoke_and_mirrors, serial_shops,
          shop
D:6:      layout_loops_corners, kennysheep_windowed_goal, uniq_duvessa
D:7:      layout_loops_cross, lemuel_doored_altar,
          nicolae_wu_jian_immortal_techniques, temple_statues
D:8:      layout_layer_cave, mainiacjoe_overflow_six_doors_small,
          ashenzari_altar_1, enter_bailey_5, wad_dig_loot, uniq_psyche,
          uniq_grum
D:9:      cheibrodos_fzero, layout_loops_ring, mainiacjoe_overflow_alcove_4,
          nemelex_diamond_rough_becter, lair_entry_dummy,
          minmay_stone_trees_small, uniq_maurice
D:10:     gammafunk_sealed_arena, layout_gridville,
          mainiacjoe_overflow_24_doors, amethyst_overflow_temple_binary,
          orc_0_dummy, ebering_ghost_rock_garden, minivault_24, uniq_amaemon,
          uniq_sonja, uniq_erica
D:11:     minmay_roctagon, layout_basic, portal_ice_cave_entry_pillars_2,
          introduction_to_nature_1
Lair:1:   layout_roguey, grunt_megastairs_3, infiniplex_staircase_pool,
          lemuel_fruit_tree
Lair:2:   layout_chaotic_city, nicolae_spider_entry_orb_guardian, worms_lemuel,
          uniq_nergalle, uniq_urug
Lair:3:   layout_misc_corridors, elwin_shoals_entry_rocks, serial_bayou_shore_a,
          serial_bayou_shore_b, uniq_gastronok
Lair:4:   layout_regular_city, nicolae_slime_entry_field_trip, serial_bayou,
          serial_bayou_pond_d, serial_bayou_lake_a, serial_bayou_ford_a,
          serial_bayou_crossing, serial_bayou_pond_c, serial_bayou_pond_d
Lair:5:   hellmonk_lair_end_abyssal_woods, layout_gridlike, lemuel_fruit_fields,
          serial_bayou_shore_b, grunt_megastairs_1
Orc:1:    layout_diamond_mine, serial_shops, nicolae_shop_bloodbath_and_beyond,
          shop, nicolae_shop_gibbet_a_chance, shop, nicolae_orc_stony_grotto,
          uniq_harold

Skill      XL: |  1  2  3  4  5  6  7  8  9 10 11 12 13 14 |
---------------+-------------------------------------------+-----
Stealth        | 6 7 8 9 11 12 14 15 17 19 | 19.0
Dodging        | 2 3 4 5 6 8 9 10 | 10.0
Fighting       | 2 3 4 5 6 |  6.0
Short Blades   | 3 4 5 6 7 8 9 10 12 13 | 13.5
Throwing       | 3 4 5 6 7 8 9 10 | 10.0
Evocations     | 1 2 3 4 |  4.0
Invocations    | 1 3 4 |  4.3
Ranged Weapons | 1 3 |  3.0
Spellcasting   | 2 4 5 7 |  7.0
Hexes          | 2 4 7 10 | 10.0
Ice Magic      | 2 3 4 |  4.0
Armour         | 2 |  2.0
Shapeshifting  | 3 |  3.0
Long Blades    | 1 |  1.9

Action                     |  1- 3 |  4- 6 |  7- 9 | 10-12 | 13-15 || total
---------------------------+-------+-------+-------+-------+-------++-------
  Melee: Dagger            |    94 |    90 |   176 |   644 |   317 ||  1321
         Punch             |       |       |     3 |    13 |     6 ||    22
         Scimitar          |       |       |       |       |    66 ||    66
  Throw: Dart              |    15 |    26 |    35 |    81 |    13 ||   170
         Boomerang         |     5 |     6 |    76 |   104 |    87 ||   278
         Stone             |       |       |    16 |       |       ||    16
         Throwing net      |       |       |       |       |     4 ||     4
   Cast: Ensorcelled Hiber |       |       |       |     4 |    32 ||    36
         Jinxbite          |       |       |       |     1 |     6 ||     7
         Cause Fear        |       |       |       |       |     1 ||     1
 Invoke: Shadow Step       |       |       |       |     1 |       ||     1
  Evoke: Wand              |       |       |    11 |    12 |    16 ||    39
    Use: Potion            |       |     3 |     2 |     5 |       ||    10
         Scroll            |       |     4 |     8 |    10 |    11 ||    33
   Stab: Sleeping          |    13 |     3 |    12 |    27 |    89 ||   144
         Distracted        |       |     4 |     2 |     4 |     3 ||    13
         Invisible         |       |       |       |     5 |     1 ||     6
         Held in net/web   |       |       |       |       |     3 ||     3
 Armour: Robe              |    19 |    37 |    40 |    93 |    63 ||   252
  Dodge: Dodged            |    66 |    51 |   124 |   467 |   353 ||  1061

Table legend: (Time is in decaauts)
 A = Elapsed time spent in this place.
 B = Non-inter-level travel time spent in this place.
 C = Inter-level travel time spent in this place.
 D = Time resting spent in this place.
 E = Time spent auto-exploring this place.
 F = Levels seen in this place.
 G = Mean time per level.
                   A        B        C        D        E       F      G
               +--------+--------+--------+--------+--------+-----+--------+
         Total |  15000 |  14133 |    867 |   2322 |   7187 |  19 |  789.5 |
       Dungeon |   9951 |   9270 |    681 |   1664 |   4857 |  11 |  904.6 |
          Lair |   3862 |   3677 |    185 |    379 |   2118 |   5 |  772.4 |
  Orcish Mines |    205 |    205 |      0 |      0 |     10 |   1 |  205.0 |
        Bailey |    230 |    230 |      0 |      0 |     96 |   1 |  230.0 |
      Ice Cave |    750 |    750 |      0 |    278 |    104 |   1 |  750.0 |
               +--------+--------+--------+--------+--------+-----+--------+

Top non-repeatable levels by time:
     D:9: 1665 daAuts
     D:8: 1398 daAuts
     D:6: 1299 daAuts
  Lair:5: 1225 daAuts
    D:10: 1160 daAuts
     D:4: 966 daAuts
     D:3: 856 daAuts
     D:7: 788 daAuts
   IceCv: 750 daAuts
  Lair:2: 727 daAuts
  Lair:1: 683 daAuts
  Lair:4: 629 daAuts
  Lair:3: 596 daAuts
     D:2: 543 daAuts
     D:5: 493 daAuts
